Map: [ESL] Altitude

Players

herO - Winner!

  • Race: Protoss Protoss

Dark

  • Race: Zerg Zerg

Event: IEM Katowice 2023

VOD

Have the link to the VOD?

Description

Time

  • Played on: Feb. 12, 2023, 9:51 a.m.
  • Length: 12:07

All games in this series

Show
View Real Time Build Order
Export as new Build Order

herO Protoss - Winner!

Build Orders: 1 Gate Expand, Oracle Opening, Zealot Archon 

Get SALT Encoding   

  12  0:00  Probe  
  13  0:14  Pylon  
  13  0:17  Probe (Chrono Boost)  
  14  0:26  Probe (Chrono Boost)  
  15  0:31  Probe (Chrono Boost)  
  16  0:40  Gateway  
  16  0:44  Probe  
  16  0:48  Assimilator  
  17  0:56  Probe  
  18  1:08  Probe  
  19  1:20  Probe  
  20  1:26  Nexus  
  20  1:37  Cybernetics Core  
  20  1:40  Probe  
  21  1:47  Assimilator  
  21  1:52  Probe  
  22  1:57  Pylon  
  22  2:04  Probe (Chrono Boost)  
  23  2:15  Adept  
  23  2:16  Probe (Chrono Boost)  
  23  2:19  Stargate  
  26  2:25  Probe (Chrono Boost)  
  26  2:27  Warp Gate  
  27  2:33  Probe (Chrono Boost)  
  28  2:38  Probe (Chrono Boost)  
  30  2:45  Stalker  
  30  2:48  Probe x2 (Chrono Boost)  
  33  2:53  Probe  
  33  2:55  Probe  
  35  3:02  Oracle (Chrono Boost)  
  38  3:06  Probe  
  38  3:07  Probe  
  38  3:10  Pylon  
  40  3:15  Adept  
  40  3:19  Probe x2  
  44  3:27  Gateway  
  44  3:31  Probe x2  
  44  3:34  Oracle (Chrono Boost)  
  49  3:52  Nexus  
  49  3:55  Pylon  
  49  3:57  Probe x2  
  49  4:02  Oracle (Chrono Boost)  
  54  4:13  Probe x2  
  54  4:14  Assimilator  
  54  4:15  Assimilator  
  56  4:18  Adept  
  56  4:22  Pylon  
  58  4:25  Probe x2  
  58  4:26  Adept  
  62  4:40  Probe x2  
  64  4:45  Adept  
  64  4:46  Forge, Adept, Twilight Council  
  64  4:49  Pylon  
  64  4:52  Probe  
  69  4:54  Probe  
  70  5:01  Gateway  
  70  5:05  Gateway  
  70  5:08  Probe x2  
  70  5:09  Probe  
  73  5:16  Protoss Ground Weapons Level 1 (Chrono Boost)  
  73  5:21  Probe x2 (Chrono Boost)  
  73  5:22  Probe (Chrono Boost)  
  73  5:26  Charge  
  73  5:27  Robotics Facility  
  74  5:31  Probe x3 (Chrono Boost)  
  74  5:33  Shield Battery  
  74  5:35  Pylon  
  77  5:37  Probe x2  
  77  5:38  Probe  
  80  5:46  Gateway  
  80  5:52  Zealot x2  
  80  5:54  Probe x2  
  80  5:55  Probe  
  87  6:01  Templar Archives  
  87  6:04  Gateway  
  87  6:07  Pylon  
  87  6:10  Assimilator, Probe x3  
  90  6:12  Assimilator  
  90  6:14  Gateway  
  90  6:16  Observer (Chrono Boost)  
  91  6:25  Gateway  
  91  6:28  Gateway, Probe  
  91  6:29  Probe, Warp Prism (Chrono Boost)  
  95  6:36  Robotics Bay  
  95  6:37  Zealot x2  
  99  6:52  Pylon  
  99  6:53  Pylon  
  99  6:55  Gateway, Probe  
  99  6:58  Probe  
  99  6:59  Pylon, Shield Battery  
  99  7:01  High Templar x4  
  107  7:05  Archon x2, Photon Cannon  
  107  7:06  Pylon  
  109  7:10  Nexus  
  109  7:13  Pylon  
  109  7:21  Shield Battery, Zealot  
  109  7:22  Photon Cannon  
  111  7:24  Probe x3  
  111  7:28  High Templar x2, Protoss Ground Weapons Level 2 (Chrono Boost)  
  111  7:29  Zealot  
  119  7:34  Zealot  
  119  7:35  Archon, Zealot x2  
  123  7:39  Disruptor (Chrono Boost)  
  126  7:54  Probe x3  
  129  7:59  Assimilator  
  129  8:02  Assimilator  
  129  8:05  High Templar x2  
  129  8:06  Zealot x4  
  129  8:07  Disruptor (Chrono Boost)  
  129  8:08  Pylon  
  129  8:09  Pylon  
  129  8:11  Archon  
  129  8:12  Pylon  
  144  8:13  Pylon  
  144  8:25  High Templar  
  144  8:26  High Templar, Zealot x5  
  154  8:32  Archon  
  154  8:37  Disruptor (Chrono Boost)  
  157  8:43  Zealot x2  
  157  8:51  High Templar x2  
  157  8:54  Probe x4  
  163  9:03  Zealot x7  
  163  9:06  Probe  
  163  9:09  Disruptor  
  175  9:11  Archon, Protoss Air Weapons Level 1  
  175  9:14  Probe x3  
  163  9:18  Probe  
  156  9:28  High Templar  
  156  9:29  High Templar, Zealot x7  
  151  9:32  Observer  
  151  9:34  Archon  
  137  9:40  Probe x2  
  137  9:41  Probe  
  137  9:43  Probe  
  137  9:44  Disruptor  
  137  9:45  Fleet Beacon  
  144  9:51  High Templar, Photon Cannon  
  144  9:52  High Templar x2, Zealot  
  152  9:54  High Templar  
  152  9:58  Archon, Zealot x2  
  152  9:59  Archon  
  158  10:03  Zealot x2  
  124  10:20  Probe x3  
  121  10:25  Zealot x8  
  121  10:28  Zealot, Carrier  
  138  10:51  High Templar x4  
  138  10:52  Zealot x5  
  138  10:55  Archon  
  138  10:56  Archon  
  148  11:06  Photon Cannon  
  148  11:08  Gateway  
  148  11:17  High Templar x2, Zealot  
  148  11:18  Zealot x2  
  156  11:21  Archon  
  156  11:29  Photon Cannon  
  156  11:30  Pylon  
  156  11:31  Pylon  
  154  11:36  High Templar x2, Zealot x2  
  154  11:39  Zealot x3  
  174  11:40  Archon  
  174  11:44  Pylon  
  174  11:51  Zealot x2  
  178  11:59  Photon Cannon  
  178  12:02  Nexus  
Show
View Real Time Build Order
Export as new Build Order

Dark Zerg 

Build Orders: Hatch First 

Get SALT Encoding   

  12  0:00  Drone  
  13  0:12  Overlord  
  13  0:17  Drone  
  14  0:30  Drone x2  
  14  0:34  Drone  
  17  0:51  Drone  
  18  1:00  Hatchery  
  18  1:03  Drone  
  18  1:07  Extractor  
  17  1:17  Spawning Pool  
  16  1:19  Drone  
  16  1:23  Drone  
  18  1:28  Drone  
  19  1:46  Drone  
  20  1:49  Drone  
  21  2:05  Zergling x2  
  21  2:07  Metabolic Boost  
  22  2:11  Queen x2  
  22  2:12  Zergling x2  
  27  2:16  Overlord  
  27  2:23  Drone  
  28  2:35  Drone  
  28  2:36  Drone x2  
  31  2:43  Drone  
  32  2:46  Hatchery  
  31  2:54  Queen  
  33  2:59  Overlord  
  33  3:01  Drone  
  34  3:07  Queen  
  36  3:18  Drone x5  
  41  3:23  Overlord  
  41  3:29  Queen  
  41  3:33  Drone  
  44  3:39  Overlord  
  44  3:43  Queen  
  44  3:44  Drone  
  44  3:46  Drone  
  48  3:52  Drone x3  
  51  3:57  Spore Crawler  
  51  3:58  Spore Crawler  
  51  3:59  Drone  
  51  4:02  Drone  
  51  4:06  Zergling x4  
  53  4:10  Drone x2  
  53  4:13  Drone x3  
  58  4:19  Evolution Chamber  
  58  4:22  Overlord  
  57  4:25  Drone  
  58  4:35  Drone x3  
  58  4:38  Drone  
  58  4:39  Overlord  
  58  4:41  Drone x5  
  63  4:45  Zerg Melee Weapons Level 1  
  63  4:47  Drone  
  63  4:48  Drone  
  63  4:52  Drone  
  66  4:54  Overlord  
  66  4:57  Spore Crawler  
  66  4:58  Drone x2  
  66  4:59  Drone  
  68  5:04  Zergling x8  
  72  5:08  Zergling x4  
  74  5:14  Zergling x2  
  73  5:26  Drone x5  
  73  5:27  Drone  
  73  5:28  Drone  
  80  5:29  Drone x2  
  80  5:31  Overlord  
  80  5:33  Overlord  
  82  5:36  Hatchery  
  82  5:40  Lair  
  80  5:44  Extractor  
  80  5:45  Extractor  
  80  5:46  Zergling x8  
  80  5:49  Drone  
  81  5:50  Drone  
  81  5:52  Drone x2  
  81  5:54  Extractor  
  83  6:02  Drone  
  84  6:04  Drone x2  
  84  6:06  Hatchery, Evolution Chamber  
  84  6:11  Zergling x16  
  92  6:19  Zergling x10  
  97  6:28  Overlord x4  
  97  6:31  Baneling Nest  
  95  6:42  Zerg Melee Weapons Level 2, Zerg Ground Armor Level 1  
  95  6:43  Queen x2  
  95  6:46  Drone  
  97  6:47  Drone  
  97  6:48  Drone x4, Spine Crawler  
  97  6:50  Drone  
  97  6:52  Drone  
  103  6:54  Zergling x2  
  103  6:55  Infestation Pit, Zergling x2  
  103  6:58  Zergling x6  
  107  7:04  Zergling x10  
  112  7:11  Zergling x12  
  119  7:15  Drone x2  
  119  7:16  Spore Crawler  
  119  7:18  Drone x2  
  119  7:19  Drone x2  
  119  7:20  Drone  
  122  7:33  Hive  
  122  7:34  Centrifugal Hooks  
  120  7:39  Drone x6  
  124  7:45  Roach Warren  
  124  7:46  Zergling x18  
  124  7:49  Baneling x6  
  124  7:50  Baneling  
  132  7:59  Zergling x18  
  141  8:09  Overlord x2  
  141  8:11  Overlord  
  141  8:13  Overlord  
  139  8:23  Overlord x4  
  139  8:24  Zergling x14  
  139  8:26  Overlord  
  142  8:28  Drone  
  142  8:29  Zergling x14  
  142  8:33  Baneling, Zergling x4  
  142  8:34  Baneling x4  
  152  8:36  Zergling x2  
  152  8:37  Zergling x6  
  156  8:41  Zergling x4  
  156  8:48  Baneling x6  
  155  8:57  Zergling x12  
  158  9:03  Zergling x18  
  158  9:04  Zerg Ground Armor Level 2, Zerg Melee Weapons Level 3  
  158  9:09  Baneling x6  
  164  9:16  Zergling x28, Ultralisk Cavern  
  167  9:21  Zergling x6  
  165  9:29  Zergling x14  
  159  9:35  Zergling x8  
  145  9:38  Zergling x6  
  145  9:40  Baneling x7  
  145  9:44  Zergling x4  
  150  9:46  Baneling x3  
  150  9:47  Baneling x2  
  150  9:48  Baneling  
  150  9:49  Baneling x2, Zergling x6  
  150  9:52  Baneling x5  
  153  9:53  Zergling x2  
  153  9:55  Zergling x4  
  156  10:01  Zergling x2  
  149  10:07  Ultralisk  
  135  10:14  Zergling x24  
  135  10:15  Zergling x2  
  135  10:18  Zergling x6  
  135  10:19  Zergling x2  
  135  10:20  Zergling x2  
  136  10:26  Ultralisk  
  130  10:28  Zergling x6  
  98  10:43  Ultralisk  
  98  10:45  Zergling x14  
  98  10:46  Zergling x4  
  105  10:51  Zergling x8  
  105  10:55  Zergling x4  
  107  11:01  Zergling x2  
  107  11:02  Zergling x10  
  109  11:05  Zergling x4  
  109  11:09  Ultralisk  
  109  11:10  Zergling x2  
  118  11:13  Zergling x4  
  120  11:23  Zergling x4  
  116  11:28  Zergling x4  
  116  11:29  Hatchery  
  116  11:30  Baneling x4  
  116  11:31  Baneling x2, Zergling x4  
  119  11:39  Zergling x4  
  120  11:41  Baneling x3  
  114  11:59  Extractor  
  114  12:00  Extractor  

Tags
 
Add a new tag
Caveats
  • Supply blocks, unpowered buildings, or Contaminate may cause inaccurate times.
  • Supply counts are checked every 10 seconds.